[ AOE2 MATCH · #508804600 ]
UnrankedGurjaras vs Tatars
Player's team · LOSS
Rival team · WIN
[ REPLAY ANALYSIS · EXTRACTED FROM THE RECORDED GAME ]
Feudal
8:29
Castle
29:08
Imperial
45:10
| APM avg | 84.8 |
| APM peak | 169 |
| eAPM avg | 56.5 |
| Villagers / military | 75 / 101 |
Focus
⚔️ 70.3% · 🌾 29.7%
Elephant Archer ×57 · Fishing Ship ×36 · Archer ×25 · Mangonel ×6 · Skirmisher ×6 · Monk ×3
Feudal
8:54
Castle
23:21
Imperial
—
| APM avg | 66.5 |
| APM peak | 102 |
| eAPM avg | 34.8 |
| Villagers / military | 183 / 200 |
Focus
⚔️ 33.7% · 🌾 66.3%
Skirmisher ×81 · Keshik ×53 · Archer ×36 · Cavalry Archer ×8 · Monk ×7 · Knight ×5
Match map
Initial resources + every placement click. Lines = walls · curves = elevation contours. ◆ gold · ⬟ stone · ● berries · ✦ relic · ◌ wall gap
Your base· Open — 5t gap
Natsume Takashi's base· Open — unwalled flank
Smoothed initial terrain · ◌ = detected wall gap · hover for details
Inputs per minute
— Kalpit00 - - Natsume Takashi
Build order — Kalpit00
First 150 of 372 actions detected
| 0:00 | Queue | Villager (Male) |
| 0:00 | Queue | Villager (Male) |
| 0:01 | Build | House |
| 0:02 | Build | House |
| 0:06 | Queue | Villager (Male) |
| 0:06 | Queue | Villager (Male) |
| 0:31 | Build | Mill |
| 1:31 | Queue | Villager (Male) |
| 1:31 | Queue | Villager (Male) |
| 1:57 | Queue | Villager (Male) |
| 1:58 | Queue | Villager (Male) |
| 2:23 | Queue | Villager (Male) |
| 2:23 | Queue | Villager (Male) |
| 2:43 | Queue | Villager (Male) |
| 2:43 | Queue | Villager (Male) |
| 2:57 | Build | House |
| 3:01 | Build | House |
| 3:19 | Queue | Villager (Male) |
| 3:19 | Queue | Villager (Male) |
| 3:37 | Build | Lumber Camp |
| 3:44 | Queue | Villager (Male) |
| 3:45 | Queue | Villager (Male) |
| 3:45 | Queue | Villager (Male) |
| 4:30 | Queue | Villager (Male) |
| 4:31 | Queue | Villager (Male) |
| 4:32 | Queue | Villager (Male) |
| 4:43 | Research | Loom |
| 6:00 | Build | Mining Camp |
| 6:19 | Research | Feudal Age |
| 6:19 | Research | Feudal Age |
| 7:15 | Build | House |
| 7:17 | Build | Palisade Wall |
| 7:46 | Build | Barracks |
| 8:04 | Queue | Villager (Male) |
| 8:29 | Age | Feudal Age |
| 8:49 | Queue | Villager (Male) |
| 8:57 | Build | Archery Range |
| 9:10 | Queue | Villager (Male) |
| 9:11 | Build | Palisade Wall |
| 9:12 | Build | Palisade Wall |
| 9:16 | Build | Palisade Wall |
| 9:27 | Build | House |
| 9:28 | Build | Palisade Wall |
| 9:31 | Build | Palisade Wall |
| 9:34 | Build | Palisade Wall |
| 9:35 | Build | Palisade Wall |
| 9:36 | Build | Palisade Wall |
| 9:38 | Build | Palisade Wall |
| 9:40 | Build | Palisade Wall |
| 9:45 | Build | Palisade Wall |
| 9:48 | Queue | Villager (Male) |
| 9:48 | Queue | Archer |
| 10:04 | Queue | Archer |
| 10:09 | Research | Double-Bit Axe |
| 10:10 | Research | Double-Bit Axe |
| 10:18 | Queue | Villager (Male) |
| 10:18 | Queue | Villager (Male) |
| 10:23 | Build | House |
| 10:46 | Queue | Archer |
| 10:51 | Queue | Archer |
| 10:54 | Queue | Spearman |
| 10:56 | Queue | Villager (Male) |
| 11:15 | Queue | Villager (Male) |
| 11:30 | Build | Archery Range |
| 11:41 | Build | House |
| 11:45 | Build | Palisade Wall |
| 11:47 | Build | Palisade Wall |
| 11:50 | Build | Palisade Wall |
| 11:50 | Build | Palisade Wall |
| 11:53 | Queue | Villager (Male) |
| 12:03 | Queue | Archer |
| 12:22 | Queue | Villager (Male) |
| 12:25 | Queue | Archer |
| 12:27 | Queue | Archer |
| 12:43 | Queue | Villager (Male) |
| 12:47 | Build | Palisade Wall |
| 12:49 | Build | Palisade Wall |
| 12:50 | Build | Palisade Wall |
| 12:52 | Build | Palisade Wall |
| 12:53 | Build | Palisade Wall |
| 12:54 | Queue | Villager (Male) |
| 12:57 | Queue | Villager (Male) |
| 13:00 | Queue | Villager (Male) |
| 13:04 | Build | Dock |
| 13:08 | Build | House |
| 13:10 | Build | House |
| 13:14 | Queue | Villager (Male) |
| 13:25 | Research | Wheelbarrow |
| 13:26 | Research | Town Watch |
| 13:30 | Research | Town Watch |
| 13:42 | Queue | Fishing Ship |
| 13:46 | Build | House |
| 13:56 | Queue | Archer |
| 13:56 | Queue | Archer |
| 13:57 | Queue | Villager (Male) |
| 14:04 | Build | House |
| 14:10 | Queue | Archer |
| 14:13 | Queue | Fishing Ship |
| 14:15 | Queue | Villager (Male) |
| 14:22 | Build | Palisade Wall |
| 14:22 | Build | Palisade Wall |
| 14:23 | Build | Palisade Wall |
| 14:23 | Build | Palisade Wall |
| 14:27 | Build | House |
| 14:28 | Build | House |
| 14:29 | Build | Palisade Wall |
| 14:35 | Queue | Villager (Male) |
| 14:43 | Queue | Archer |
| 14:43 | Queue | Archer |
| 15:10 | Queue | Fishing Ship |
| 15:51 | Queue | Archer |
| 16:00 | Build | Watch Tower |
| 16:01 | Build | Lumber Camp |
| 16:08 | Queue | Villager (Male) |
| 16:11 | Queue | Archer |
| 16:24 | Queue | Archer |
| 16:24 | Queue | Archer |
| 16:36 | Queue | Villager (Male) |
| 17:03 | Queue | Fishing Ship |
| 17:07 | Queue | Villager (Male) |
| 17:31 | Build | Blacksmith |
| 17:34 | Queue | Villager (Male) |
| 17:36 | Queue | Archer |
| 18:16 | Queue | Villager (Male) |
| 18:17 | Queue | Archer |
| 18:17 | Queue | Archer |
| 18:29 | Build | Mining Camp |
| 18:35 | Queue | Fishing Ship |
| 18:37 | Queue | Villager (Male) |
| 18:41 | Build | House |
| 18:42 | Research | Fletching |
| 18:42 | Research | Fletching |
| 18:43 | Queue | Villager (Male) |
| 18:59 | Queue | Fishing Ship |
| 18:59 | Queue | Fishing Ship |
| 19:10 | Build | Market |
| 19:11 | Build | House |
| 19:17 | Queue | Archer |
| 19:18 | Queue | Archer |
| 19:22 | Research | Tech 906 |
| 19:22 | Research | Tech 906 |
| 19:31 | Queue | Villager (Male) |
| 19:43 | Build | Fish Trap |
| 19:45 | Build | Fish Trap |
| 20:06 | Queue | Villager (Male) |
| 20:07 | Queue | Archer |
| 20:07 | Queue | Archer |
| 20:09 | Build | Fish Trap |
| 20:10 | Build | Fish Trap |
| 20:16 | Build | Watch Tower |
Build order — Natsume Takashi
First 150 of 604 actions detected
| 0:01 | Queue | Villager (Male) |
| 0:01 | Queue | Villager (Male) |
| 0:01 | Queue | Villager (Male) |
| 0:03 | Build | House |
| 0:04 | Build | House |
| 0:05 | Queue | Villager (Male) |
| 1:24 | Queue | Villager (Male) |
| 1:24 | Queue | Villager (Male) |
| 1:49 | Queue | Villager (Male) |
| 1:49 | Queue | Villager (Male) |
| 2:14 | Queue | Villager (Male) |
| 2:50 | Build | Lumber Camp |
| 2:54 | Queue | Villager (Male) |
| 2:55 | Queue | Villager (Male) |
| 2:55 | Queue | Villager (Male) |
| 3:26 | Queue | Villager (Male) |
| 3:27 | Queue | Villager (Male) |
| 3:51 | Queue | Villager (Male) |
| 3:59 | Build | House |
| 4:07 | Queue | Villager (Male) |
| 4:48 | Queue | Villager (Male) |
| 4:48 | Queue | Villager (Male) |
| 5:21 | Queue | Villager (Male) |
| 5:22 | Queue | Villager (Male) |
| 5:35 | Build | Barracks |
| 5:45 | Research | Loom |
| 5:45 | Research | Loom |
| 6:44 | Research | Feudal Age |
| 6:44 | Research | Feudal Age |
| 7:12 | Build | House |
| 7:15 | Queue | Militia |
| 7:19 | Build | Mining Camp |
| 7:38 | Queue | Militia |
| 7:38 | Queue | Militia |
| 8:04 | Queue | Militia |
| 8:05 | Queue | Militia |
| 8:33 | Queue | Villager (Male) |
| 8:54 | Age | Feudal Age |
| 8:55 | Build | Archery Range |
| 9:00 | Research | Man-at-Arms (upgrade) |
| 9:00 | Research | Man-at-Arms (upgrade) |
| 9:06 | Queue | Villager (Male) |
| 9:28 | Queue | Villager (Male) |
| 9:46 | Queue | Villager (Male) |
| 9:51 | Queue | Archer |
| 9:51 | Queue | Archer |
| 9:53 | Build | House |
| 9:56 | Build | Mill |
| 10:10 | Queue | Archer |
| 10:10 | Queue | Villager (Male) |
| 10:12 | Build | House |
| 10:16 | Research | Town Watch |
| 10:17 | Research | Town Watch |
| 10:17 | Research | Town Watch |
| 10:26 | Queue | Villager (Male) |
| 10:29 | Build | Farm |
| 10:48 | Queue | Archer |
| 10:48 | Queue | Archer |
| 10:48 | Queue | Archer |
| 10:55 | Queue | Archer |
| 10:56 | Queue | Villager (Male) |
| 11:02 | Queue | Villager (Male) |
| 11:23 | Queue | Archer |
| 11:28 | Build | Farm |
| 11:48 | Build | Farm |
| 11:48 | Queue | Villager (Male) |
| 11:50 | Build | Farm |
| 12:09 | Queue | Villager (Male) |
| 12:11 | Queue | Archer |
| 12:18 | Queue | Villager (Male) |
| 12:21 | Build | Farm |
| 12:31 | Build | House |
| 12:43 | Queue | Villager (Male) |
| 13:02 | Build | Blacksmith |
| 13:04 | Queue | Villager (Male) |
| 13:28 | Queue | Villager (Male) |
| 13:36 | Queue | Villager (Male) |
| 13:40 | Queue | Archer |
| 13:45 | Build | House |
| 13:55 | Research | Fletching |
| 13:55 | Research | Fletching |
| 13:58 | Build | Farm |
| 14:01 | Build | Farm |
| 14:03 | Build | Farm |
| 14:03 | Queue | Villager (Male) |
| 14:24 | Queue | Archer |
| 14:25 | Queue | Archer |
| 14:27 | Queue | Villager (Male) |
| 14:31 | Research | Double-Bit Axe |
| 14:32 | Research | Double-Bit Axe |
| 14:43 | Queue | Archer |
| 14:44 | Queue | Villager (Male) |
| 14:51 | Queue | Villager (Male) |
| 14:54 | Build | Watch Tower |
| 14:57 | Build | House |
| 15:06 | Build | House |
| 15:10 | Build | House |
| 15:11 | Queue | Villager (Male) |
| 15:12 | Build | Palisade Wall |
| 15:13 | Queue | Villager (Male) |
| 15:26 | Build | House |
| 15:28 | Build | House |
| 15:30 | Queue | Archer |
| 15:38 | Queue | Villager (Male) |
| 16:10 | Queue | Villager (Male) |
| 16:23 | Queue | Villager (Male) |
| 16:26 | Queue | Skirmisher |
| 16:26 | Queue | Skirmisher |
| 16:29 | Build | Farm |
| 16:31 | Build | Farm |
| 16:32 | Build | House |
| 16:42 | Research | Padded Archer Armor |
| 16:47 | Build | House |
| 16:59 | Queue | Skirmisher |
| 17:04 | Build | Farm |
| 17:09 | Build | Farm |
| 17:10 | Build | Farm |
| 17:10 | Build | Farm |
| 17:12 | Queue | Villager (Male) |
| 17:17 | Queue | Villager (Male) |
| 17:26 | Queue | Archer |
| 17:26 | Queue | Villager (Male) |
| 17:40 | Queue | Villager (Male) |
| 17:42 | Build | Farm |
| 17:46 | Queue | Archer |
| 18:20 | Queue | Villager (Male) |
| 18:27 | Build | Market |
| 18:29 | Build | House |
| 18:41 | Queue | Archer |
| 18:58 | Queue | Archer |
| 19:09 | Build | Farm |
| 19:18 | Build | Lumber Camp |
| 19:23 | Queue | Villager (Male) |
| 19:33 | Build | Farm |
| 19:40 | Queue | Archer |
| 19:53 | Queue | Villager (Male) |
| 19:56 | Build | Farm |
| 19:58 | Build | Farm |
| 20:13 | Build | Farm |
| 20:14 | Queue | Villager (Male) |
| 20:29 | Queue | Archer |
| 20:41 | Research | Castle Age |
| 20:41 | Research | Castle Age |
| 20:47 | Queue | Archer |
| 20:56 | Build | Archery Range |
| 21:19 | Queue | Archer |
| 21:21 | Research | Horse Collar |
| 21:21 | Research | Horse Collar |
| 21:23 | Research | Gold Mining |
| 21:23 | Research | Gold Mining |
Match timeline
| 5:35 | Natsume Takashi · first_building Barracks |
| 7:17 | Kalpit00 · wall_segment Palisade Wall x1 |
| 7:46 | Kalpit00 · first_building Barracks |
| 8:29 | Kalpit00 · age_up feudal |
| 8:54 | Natsume Takashi · age_up feudal |
| 8:55 | Natsume Takashi · first_building Archery Range |
| 8:57 | Kalpit00 · first_building Archery Range |
| 9:11 | Kalpit00 · wall_segment Palisade Wall x1 |
| 9:12 | Kalpit00 · wall_segment Palisade Wall x1 |
| 9:16 | Kalpit00 · wall_segment Palisade Wall x1 |
| 9:28 | Kalpit00 · wall_segment Palisade Wall x1 |
| 9:31 | Kalpit00 · wall_segment Palisade Wall x1 |
| 9:34 | Kalpit00 · wall_segment Palisade Wall x1 |
| 9:35 | Kalpit00 · wall_segment Palisade Wall x1 |
| 9:36 | Kalpit00 · wall_segment Palisade Wall x1 |
| 9:38 | Kalpit00 · wall_segment Palisade Wall x1 |
| 9:40 | Kalpit00 · wall_segment Palisade Wall x1 |
| 9:45 | Kalpit00 · wall_segment Palisade Wall x1 |
| 11:45 | Kalpit00 · wall_segment Palisade Wall x1 |
| 11:47 | Kalpit00 · wall_segment Palisade Wall x1 |
| 11:50 | Kalpit00 · wall_segment Palisade Wall x1 |
| 11:50 | Kalpit00 · wall_segment Palisade Wall x1 |
| 12:47 | Kalpit00 · wall_segment Palisade Wall x1 |
| 12:49 | Kalpit00 · wall_segment Palisade Wall x1 |
| 12:50 | Kalpit00 · wall_segment Palisade Wall x1 |
| 12:52 | Kalpit00 · wall_segment Palisade Wall x1 |
| 12:53 | Kalpit00 · wall_segment Palisade Wall x1 |
| 13:04 | Kalpit00 · first_building Dock |
| 14:22 | Kalpit00 · wall_segment Palisade Wall x1 |
| 14:22 | Kalpit00 · wall_segment Palisade Wall x1 |
| 14:23 | Kalpit00 · wall_segment Palisade Wall x1 |
| 14:23 | Kalpit00 · wall_segment Palisade Wall x1 |
| 14:29 | Kalpit00 · wall_segment Palisade Wall x1 |
| 15:12 | Natsume Takashi · wall_segment Palisade Wall x1 |
| 20:23 | Kalpit00 · first_market_buy 100 wood |
| 22:32 | Natsume Takashi · first_building Stable |
| 23:21 | Natsume Takashi · age_up castle |
| 24:10 | Natsume Takashi · first_market_sell 100 wood |
| 24:27 | Natsume Takashi · first_market_buy 100 stone |
| 25:51 | Natsume Takashi · first_building Siege Workshop |
| 28:51 | Kalpit00 · first_building Stable |
| 29:08 | Kalpit00 · age_up castle |
| 29:49 | Kalpit00 · first_market_sell 100 stone |
| 29:58 | Kalpit00 · first_building Siege Workshop |
| 32:43 | Natsume Takashi · first_building Monastery |
| 37:16 | Natsume Takashi · first_building Castle |
| 37:34 | Kalpit00 · first_building Monastery |
| 42:24 | Kalpit00 · first_building Castle |
| 45:10 | Kalpit00 · age_up imperial |
| 45:50 | Kalpit00 · resign |
[ AI ANALYSIS · 1 CREDIT ]
What really happened in this match?
Wolo.gg analyzes every decision: build order, eco, micro, common mistakes by bracket. Personalized analysis on WhatsApp or Discord in 30 seconds.
Civ guide
Gurjaras
Perfil
Jugador #727835